 Dungeon Crawl Stone Soup version 0.31.0-11-ge490571c62 (webtiles) character file.

Game seed: 5389909876647470506

108 hikkokomori the Digger (level 4, -5/25 HPs)
             Began as a Deep Elf Earth Elementalist on Feb 4, 2024.
             Was a Follower of Vehumet.
             Killed by divine providence
             ... invoked by an orc priest
              (15 damage)
             ... on level 6 of the Dungeon.
             The game lasted 00:04:14 (2928 turns).

hikkokomori the Digger (DEEE)                       Turns: 2928, Time: 00:04:14

Health: -5/25      AC:  3    Str:  5    XL:     4   Next: 58%
Magic:  12/12      EV: 12    Int: 22    God:    Vehumet [*.....]
Gold:   163        SH:  5    Dex: 15    Spells: 7/11 levels left

rFire   . . .        c - +0 dagger (heavy)
rCold   . . .        (no shield)
rNeg    . . .        a - +0 robe
rPois   .            (no helmet)
rElec   .            (no cloak)
rCorr   .            (no gloves)
SInv    .            f - +0 pair of boots
Will    .....        m - amulet of reflection
Stlth   ++           (no ring)
HPRegen 0.24/turn    (no ring)
MPRegen 0.13/turn

%: reflection
@: weak-willed
A: no striking features
a: Renounce Religion


You were on level 6 of the Dungeon.
You worshipped Vehumet.
Vehumet was aware of your devotion.
You visited 1 branch of the dungeon, and saw 5 of its levels.

You collected 163 gold pieces.

Inventory:

Hand Weapons
 c - a +0 heavy dagger (weapon)
Armour
 a - a +0 robe (worn)
 f - a +0 pair of boots (worn)
Jewellery
 m - an amulet of reflection (around neck)
 p - a +6 ring of intelligence
Scrolls
 e - 3 scrolls of poison
 n - a scroll of blinking
Potions
 b - a potion of magic
 i - a potion of degeneration {unknown}
 l - 2 potions of curing
 o - a potion of enlightenment {unknown}
 q - 2 potions of heal wounds


   Skills:
 + Level 1.4 Fighting
 - Level 2.4 Dodging
 - Level 2.4 Stealth
 + Level 4.1 Spellcasting
 + Level 2.6 Conjurations
 + Level 4.1 Earth Magic


You had 7 spell levels left.
You knew the following spells:

 Your Spells              Type           Power      Damage    Failure   Level
a - Sandblast             Erth           44%        2d11      1%          1
b - Stone Arrow           Conj/Erth      38%        3d9       9%          3

Your spell library contained the following spells:

 Spells                   Type           Power      Damage    Failure   Level
 Freeze                   Ice            16%        1d4       11%         1
 Passwall                 Erth           22%        N/A       6%          3
 Brom's Barrelling Bould  Conj/Erth      19%        2d4       26%         4
 Frozen Ramparts          Ice            8%         1d2       32%         3
 Leda's Liquefaction      Alch/Erth      6%         N/A       43%         4
 Petrify                  Alch/Erth      13%        N/A       43%         4
 Metabolic Englaciation   Hex/Ice        2%         N/A       97%         5


Dungeon Overview and Level Annotations

Branches:
Dungeon (4/15)
 Temple: D:4-7

Altars:
Vehumet
Wu Jian


Message History

Your +0 dagger becomes incredibly heavy!
c - a +0 heavy dagger (weapon)
As you read the scroll labelled PACHYKH RITUFY, it crumbles to dust.
You assume a fearsome visage.
Nothing appears to happen.
It was a scroll of fear.
As you read the scroll labelled SIXZOE ECWO, it crumbles to dust.
Your body is wracked with pain!
It was a scroll of torment.
As you read the scroll labelled POGARE BYHAXZIJ, it crumbles to dust.
The air around you briefly surges with heat, but it dissipates.
It was a scroll of immolation.
As you read the scroll labelled KOIHEYD DETTO, it crumbles to dust.
A wave of despondency washes over your surroundings.
It was a scroll of vulnerability.
As you read the scroll labelled HAPAEDE OZXUMA, it crumbles to dust.
You feel strangely unstable.
It was a scroll of teleportation.
Your surroundings suddenly seem different.
An orc priest, 3 orcs and a scorpion come into view.
Found three items.
Found a stone staircase leading up.
Unknown command.
The helpless scorpion fails to defend itself.
You hit the scorpion.
The scorpion is lightly wounded.
The orc shouts! x3
The scorpion closely misses you. You block the orc's attack.
The orc priest barely misses you.
The scorpion stings you but does no damage.
You hear a shout!
Unknown command.
Unknown command.
An orc priest comes into view. It is wielding a +0 flail.
The orc priest begins to cast a cantrip, but forgets the words!
The scorpion stings you!
Unknown command.
Unknown command.
Unknown command.
The scorpion completely misses you. The scorpion closely misses you.
The orc priest invokes the aid of Beogh against you.
Beogh smites you!
Ouch! That really hurt!
You die...

...##..#
#######......#
......o.?....#
#.......#
#.#####.o.....#
......o.......#
..####os.....#
#o.?....#
#@......#
####.#### #.#
.# .#


You could see a scorpion, 2 orc priests and 3 orcs.

Vanquished Creatures
  2 adders (D:2)
  A ribbon worm (D:3)
  3 dart slugs
  3 orcs
  2 endoplasms (D:1)
  10 giant cockroaches
  9 goblins
  5 hobgoblins
  3 quokkas
  7 ball pythons
  6 bats
  3 frilled lizards
  12 kobolds
  7 rats
73 creatures vanquished.

Notes
Turn   | Place    | Note
-------+----------+-------------------------------------------
     0 | D:1      | hikkokomori the Deep Elf Earth Elementalist began the quest
                  | for the Orb.
     0 | D:1      | Reached XP level 1. HP: 10/10 MP: 6/6
   215 | D:1      | Reached XP level 2. HP: 16/16 MP: 8/8
   605 | D:1      | Reached XP level 3. HP: 20/20 MP: 8/10
   609 | D:1      | Learned a level 3 spell: Stone Arrow
   887 | D:1      | Reached skill level 1 in Fighting
   965 | D:2      | Found a radiant altar of Vehumet.
   978 | D:2      | Became a worshipper of Vehumet
  1451 | D:2      | Reached * piety under Vehumet
  1451 | D:2      | Offered knowledge of Freeze by Vehumet.
  1815 | D:2      | Reached XP level 4. HP: 25/25 MP: 9/11
  2623 | D:3      | Found an ornate altar of the Wu Jian Council.
  2910 | D:4      | You fall into a shaft and drop 2 floors!
  2922 | D:6      | Noticed a scorpion
  2928 | D:6      | Killed from afar by an orc priest

Illustrated notes

Levels and vault maps discovered:
D:1:      matt_arrival_refuge, layout_loops_cross, minmay_pentomino_s4
D:2:      minmay_roachtagon, layout_basic, basic_altar, minmay_quantized
D:3:      layout_rooms, mainiacjoe_overflow_six_doors_small
D:4:      layout_rooms, kennysheep_little_box,
          mainiacjoe_overflow_surrounded_room, uniq_ijyb
D:6:      layout_loops_ring, nicolae_overflow_crystal_walls,
          cheibrodos_sewer_entry_sluice, uniq_crazy_yiuf_cottage

Skill      XL: |  1  2  3  4 |
---------------+-------------+-----
Conjurations   | 2 |  2.6
Fighting       | 1 |  1.4
Earth Magic    | 4 |  4.1
Spellcasting   | 4 |  4.1
Dodging        | |  2.4
Stealth        | |  2.4

Action                     |  1- 3 |  4- 6 || total
---------------------------+-------+-------++-------
  Melee: Dagger            |     1 |     1 ||     2
  Throw: Boomerang         |    72 |       ||    72
   Cast: Sandblast         |    58 |    25 ||    83
    Use: Scroll            |       |    10 ||    10
   Stab: Sleeping          |       |     1 ||     1
 Armour: Robe              |    53 |     3 ||    56
  Dodge: Dodged            |    48 |     5 ||    53
  Block: Other             |       |     2 ||     2
         Reflection        |       |     1 ||     1
